 Dungeon Sprint DCSS version 0.26-a0-1026-g544776af23 (webtiles) character file.

Game seed: 18306999622309831148

140 sahdkjhfkaj the Martial Artist (level 9, -1/97 HPs)
             Began as a Gnoll Transmuter on Dec 9, 2020.
             Was an Initiate of Gozag.
             Slain by a yak (6 damage)
             ... in the Dungeon (Sprint VI: "Thunderdome").
             The game lasted 00:02:18 (667 turns).

sahdkjhfkaj the Martial Artist (Gnoll Transmuter)    Turns: 667, Time: 00:02:19

Health: -1/97      AC:  2    Str: 14    XL:     9   Next: 5%
Magic:  3/21       EV: 18    Int: 17    God:    Gozag
Gold:   1223       SH:  0    Dex: 16    Spells: 11/25 levels left

rFire    . . .     SeeInvis .     - Unarmed
rCold    . . .     Faith    .   (no shield)
rNeg     . . .     Spirit   .   a - +0 robe
rPois    .         Reflect  .   (no helmet)
rElec    .         Harm     .   (no cloak)
rCorr    .         Rampage  .   (no gloves)
Will     .....     NoTele   +   (no boots)
Stlth    ..........             (no amulet)
HPRegen  0.26/turn              (no ring)
MPRegen  0.17/turn              (no ring)

@: berserking, gold aura, contaminated, glowing, very quick
A: distributed training, fangs 2, frail 1, strong nose
a: Potion Petition, Call Merchant, Bribe Branch, Renounce Religion


You were in the Dungeon.
You worshipped Gozag.
Gozag was most pleased with you.
You visited 1 branch You collected 1678 gold pieces.
You spent 455 gold pieces at shops.

Inventory:

Armour
 a - a +0 robe (worn)
Wands
 i - a wand of acid (4)
 j - a wand of iceblast (4)
Scrolls
 h - 4 scrolls of blinking
 k - 3 scrolls of fog
Potions
 b - a potion of resistance
 d - 2 potions of heal wounds
 e - 4 potions of haste
 f - 2 potions of magic
 l - a potion of flight {unknown}


   Skills:
 + Level 7.6 Fighting
 + Level 7.1 Short Blades
 + Level 7.1 Long Blades
 + Level 7.1 Axes
 + Level 7.1 Maces & Flails
 + Level 7.1 Polearms
 + Level 7.1 Staves
 + Level 7.1 Slings
 + Level 7.1 Bows
 + Level 7.1 Crossbows
 + Level 7.1 Throwing
 + Level 7.1 Armour
 + Level 8.5 Dodging
 + Level 7.1 Stealth
 + Level 7.1 Shields
 + Level 9.7 Unarmed Combat
 + Level 8.8 Spellcasting
 + Level 5.9 Conjurations
 + Level 5.9 Hexes
 + Level 5.9 Summonings
 + Level 5.9 Necromancy
 + Level 5.9 Translocations
 + Level 7.1 Transmutations
 + Level 5.9 Fire Magic
 + Level 5.9 Ice Magic
 + Level 5.9 Air Magic
 + Level 5.9 Earth Magic
 + Level 5.9 Poison Magic
 + Level 7.8 Invocations
 + Level 7.1 Evocations


You had 11 spell levels left.
You knew the following spells:

 Your Spells              Type           Power        Failure   Level
a - Beastly Appendage     Tmut           ####..       1%          1
x - Wereblood             Tmut           ####....     1%          2
A - Blade Hands           Tmut           ####......   14%         5
S - Statue Form           Tmut/Erth      ####.....    69%         6

Your spell library contained the following spells:

 Spells                   Type           Power        Failure   Level
 Spider Form              Tmut/Pois      ####......   1%          3
 Ice Form                 Ice/Tmut       ####....     6%          4
 Leda's Liquefaction      Hex/Erth       ####......   9%          4
 Bolt of Magma            Conj/Fire/Erth ####......   24%         5
 Iron Shot                Conj/Erth      ####......   78%         6
 Shatter                  Erth           ####......   100%        9


Dungeon Overview and Level Annotations

Branches:
Dungeon (1/1)

Altars:
Cheibriados
Dithmenos
Fedhas
Gozag
Kikubaaqudgha
Makhleb
Okawaru
Qazlal
Ru
Sif Muna
Trog
Uskayaw
Vehumet
Wu Jian
Xom
Yredelemnul
Zin
The Shining One
Beogh
Jiyva
Lugonu

Shops:
D *[??*?*:[((!!!!


Innate Abilities, Weirdness & Mutations

Your experience applies equally to all skills.
You have extremely sharp teeth.
Your uncanny sense of smell can sniff out nearby items.
You are frail. (-10% HP)


Message History

Your Shields skill increases to level 7!
Your Transmutations skill increases to level 7!
Your Evocations skill increases to level 7!
You punch the dream sheep! You bite the dream sheep!
The dream sheep is almost dead.
You punch the dream sheep!
You kill the dream sheep!
You have reached level 9!
Your experience leads to an increase in your attributes!
Increase (S)trength, (I)ntelligence, or (D)exterity?
You feel clever.
The basilisk hisses angrily.
The yak gores you!
* * * LOW HITPOINT WARNING * * *
You see here 54 gold pieces.
You punch the yak! You bite the yak.
The yak is heavily wounded.
The yak gores you.
You die...
Your body crumbles into a pile of gold.

#⌠...........[#
######.8.........8.######
##..._..[...###......___∩##
###∩...)....8.# #.8......Y.∩##
#.............###.............
⌠........l.###...###..........
⌠..........# #.<.# #..........
⌠..........###.$.###..........
#......l....Y@###.............
###∩........8.# #.8........∩##
##∩___......###.......__∩##
######.8.).......8.######
#⌠...........⌠#
###...[.....### #_......._#
#_....).._# #_......._#


You could see a yak and a basilisk.

Vanquished Creatures
  A naga mage (D)
  A black mamba (D)
  2 dream sheep (D)
  Sigmund (D)
  2 nagas (D)
  3 necrophages (D)
  An ogre (D)
  Terence (D)
  An adder (D)
  A river rat (D)
  An adder zombie (D)
  An orc (D)
  A bat (D)
  A giant cockroach (D)
  A ball python (D)
  A giant cockroach zombie (D)
  A leopard gecko skeleton (D)
21 creatures vanquished.

Notes
Turn   | Place    | Note
-------+----------+-------------------------------------------
     0 | D        | sahdkjhfkaj the Gnoll Transmuter began the quest for the
                  | Orb.
     0 | D        | Reached XP level 1. HP: 17/17 MP: 6/6
     1 | D        | Found an ornate altar of the Wu Jian Council.
     1 | D        | Found a burning altar of Makhleb.
     2 | D        | Found a hide-covered altar of Uskayaw.
     2 | D        | Found a glowing silver altar of Zin.
     3 | D        | Found an iron altar of Okawaru.
     3 | D        | Found a glowing golden altar of the Shining One.
     4 | D        | Found a radiant altar of Vehumet.
     4 | D        | Found a bloodstained altar of Trog.
     4 | D        | Found Ypnu's Staff Store.
     4 | D        | Found Wuele's Magic Scroll Shop.
     5 | D        | Found a corrupted altar of Lugonu.
     5 | D        | Found Icu Zota's Must-Have Magic.
     5 | D        | Found Weakiy Aklog's Magic Scroll Shop.
     5 | D        | Round 1.
     7 | D        | Noticed Terence
    19 | D        | Killed Terence
    20 | D        | Reached skill level 1 in Short Blades
    20 | D        | Reached skill level 1 in Long Blades
    20 | D        | Reached skill level 1 in Axes
    20 | D        | Reached skill level 1 in Maces & Flails
    20 | D        | Reached skill level 1 in Polearms
    20 | D        | Reached skill level 1 in Staves
    20 | D        | Reached skill level 1 in Slings
    20 | D        | Reached skill level 1 in Bows
    20 | D        | Reached skill level 1 in Crossbows
    20 | D        | Reached skill level 1 in Throwing
    20 | D        | Reached skill level 1 in Armour
    20 | D        | Reached skill level 1 in Stealth
    20 | D        | Reached skill level 1 in Shields
    20 | D        | Reached skill level 5 in Spellcasting
    20 | D        | Reached skill level 1 in Conjurations
    20 | D        | Reached skill level 1 in Hexes
    20 | D        | Reached skill level 1 in Summonings
    20 | D        | Reached skill level 1 in Necromancy
    20 | D        | Reached skill level 1 in Translocations
    20 | D        | Reached skill level 1 in Fire Magic
    20 | D        | Reached skill level 1 in Ice Magic
    20 | D        | Reached skill level 1 in Air Magic
    20 | D        | Reached skill level 1 in Earth Magic
    20 | D        | Reached skill level 1 in Poison Magic
    20 | D        | Reached skill level 1 in Evocations
    20 | D        | Reached XP level 2. HP: 24/24 MP: 8/8
    20 | D        | Reached XP level 3. HP: 29/29 MP: 9/9
    22 | D        | Found Cooragh's Distillery.
    22 | D        | Found Hyural's Distillery.
    23 | D        | Found Featrat's Bottled Wisdom.
    24 | D        | Found a roughly hewn altar of Beogh.
    24 | D        | Found a shimmering altar of Xom.
    24 | D        | Found Vytea's Do-It-Yourself Clinic.
    28 | D        | Found a sacrificial altar of Ru.
    29 | D        | Found an ancient bone altar of Kikubaaqudgha.
    30 | D        | Found a basalt altar of Yredelemnul.
    31 | D        | Found Ihys's Weapon Rack.
    32 | D        | Found an opulent altar of Gozag.
    32 | D        | Found a shadowy altar of Dithmenos.
    32 | D        | Found a snail-covered altar of Cheibriados.
    32 | D        | Found Avun's Premium Goods.
    32 | D        | Found Suotomen's Basic Armour.
    32 | D        | Found Genaluq's Miscellaneous Merchandise.
    37 | D        | Noticed Sigmund
    45 | D        | Killed Sigmund
    46 | D        | Reached skill level 7 in Unarmed Combat
    46 | D        | Reached XP level 4. HP: 38/38 MP: 9/12
    46 | D        | Reached XP level 5. HP: 43/43 MP: 9/13
    47 | D        | Found a stormy altar of Qazlal.
    48 | D        | Found a viscous altar of Jiyva.
    51 | D        | Became a worshipper of Gozag Ym Sagoz the Greedy
    58 | D        | Learned a level 5 spell: Blade Hands
    61 | D        | Learned a level 2 spell: Wereblood
    91 | D        | Reached skill level 5 in Transmutations
    91 | D        | Noticed an ogre
    95 | D        | Killed an ogre
    96 | D        | Reached skill level 5 in Fighting
    96 | D        | Reached XP level 6. HP: 51/51 MP: 7/15
    96 | D        | Found a shimmering blue altar of Sif Muna.
   107 | D        | Found Ekeffel's Identification Station.
   108 | D        | Found Siadisch's Advanced Armour.
   108 | D        | Found Omal's Jewellery.
   109 | D        | Found a blossoming altar of Fedhas.
   116 | D        | Arena points: 14 (+14) [x2]
   131 | D        | Bought a book of the Earth for 455 gold pieces
   138 | D        | Learned a level 6 spell: Statue Form
   148 | D        | Round 2.
   201 | D        | Noticed a necrophage
   213 | D        | Killed a necrophage
   214 | D        | Reached skill level 8 in Unarmed Combat
   214 | D        | Reached skill level 5 in Invocations
   298 | D        | Noticed a necrophage
   306 | D        | Killed a necrophage
   307 | D        | Reached skill level 5 in Short Blades
   307 | D        | Reached skill level 5 in Long Blades
   307 | D        | Reached skill level 5 in Axes
   307 | D        | Reached skill level 5 in Maces & Flails
   307 | D        | Reached skill level 5 in Polearms
   307 | D        | Reached skill level 5 in Staves
   307 | D        | Reached skill level 5 in Slings
   307 | D        | Reached skill level 5 in Bows
   307 | D        | Reached skill level 5 in Crossbows
   307 | D        | Reached skill level 5 in Throwing
   307 | D        | Reached skill level 5 in Armour
   307 | D        | Reached skill level 5 in Stealth
   307 | D        | Reached skill level 5 in Shields
   307 | D        | Reached skill level 5 in Evocations
   307 | D        | Reached XP level 7. HP: 56/56 MP: 9/17
   329 | D        | Arena points: 56 (+42) [x3]
   352 | D        | Round 3.
   386 | D        | Noticed a naga
   391 | D        | Killed a naga
   467 | D        | Noticed a black mamba
   474 | D        | Killed a black mamba
   475 | D        | Reached skill level 9 in Unarmed Combat
   475 | D        | Reached skill level 5 in Conjurations
   475 | D        | Reached skill level 5 in Hexes
   475 | D        | Reached skill level 5 in Summonings
   475 | D        | Reached skill level 5 in Necromancy
   475 | D        | Reached skill level 5 in Translocations
   475 | D        | Reached skill level 5 in Fire Magic
   475 | D        | Reached skill level 5 in Ice Magic
   475 | D        | Reached skill level 5 in Air Magic
   475 | D        | Reached skill level 5 in Earth Magic
   475 | D        | Reached skill level 5 in Poison Magic
   475 | D        | Reached XP level 8. HP: 47/63 MP: 15/20
   477 | D        | Noticed a naga mage
   486 | D        | Killed a naga mage
   496 | D        | Arena points: 140 (+84) [x4]
   554 | D        | Round 4.
   578 | D        | Noticed a dream sheep
   582 | D        | Noticed a dream sheep
   627 | D        | Noticed a yak
   636 | D        | Gained mutation: You are frail. (-10% HP) [mutagenic glow]
   647 | D        | Gained mutation: You have extremely sharp teeth. [mutagenic
                  | glow]
   663 | D        | Killed a dream sheep
   665 | D        | Killed a dream sheep
   666 | D        | Reached XP level 9. HP: 18/65 MP: 3/21
   666 | D        | HP: 4/97 [yak (14)]
   667 | D        | Slain by a yak

Illustrated notes

Levels and vault maps discovered:
D:        arena_sprint

Skill      XL: |  1  2  3  4  5  6  7  8 |
---------------+-------------------------+-----
Fighting       | 3 4 5 6 7 |  7.6
Short Blades   | 1 3 4 5 6 7 |  7.1
Long Blades    | 1 3 4 5 6 7 |  7.1
Axes           | 1 3 4 5 6 7 |  7.1
Maces & Flails | 1 3 4 5 6 7 |  7.1
Polearms       | 1 3 4 5 6 7 |  7.1
Staves         | 1 3 4 5 6 7 |  7.1
Slings         | 1 3 4 5 6 7 |  7.1
Bows           | 1 3 4 5 6 7 |  7.1
Crossbows      | 1 3 4 5 6 7 |  7.1
Throwing       | 1 3 4 5 6 7 |  7.1
Armour         | 1 3 4 5 6 7 |  7.1
Stealth        | 1 3 4 5 6 7 |  7.1
Shields        | 1 3 4 5 6 7 |  7.1
Spellcasting   | 5 6 7 8 |  8.8
Conjurations   | 1 3 4 5 |  5.9
Hexes          | 1 3 4 5 |  5.9
Summonings     | 1 3 4 5 |  5.9
Necromancy     | 1 3 4 5 |  5.9
Translocations | 1 3 4 5 |  5.9
Transmutations | 4 5 6 7 |  7.1
Fire Magic     | 1 3 4 5 |  5.9
Ice Magic      | 1 3 4 5 |  5.9
Air Magic      | 1 3 4 5 |  5.9
Earth Magic    | 1 3 4 5 |  5.9
Poison Magic   | 1 3 4 5 |  5.9
Invocations    | 2 4 5 6 7 |  7.8
Evocations     | 1 3 4 5 6 7 |  7.1
Dodging        | 6 7 8 |  8.5
Unarmed Combat | 7 8 9 |  9.7

Action                   |  1- 3 |  4- 6 |  7- 9 || total
-------------------------+-------+-------+-------++-------
Melee: Unarmed           |    14 |    17 |    30 ||    61
       Kick              |     6 |       |       ||     6
       Headbutt          |     3 |       |       ||     3
       Bite              |     2 |     2 |     2 ||     6
       Punch             |       |     2 |       ||     2
 Cast: Beastly Appendage |     2 |       |       ||     2
       Blade Hands       |       |     2 |     4 ||     6
       Wereblood         |       |     2 |       ||     2
Evoke: Wand              |     2 |       |       ||     2
  Use: Potion            |       |       |     4 ||     4
 Stab: Distracted        |       |     1 |       ||     1
Armor: Robe              |     2 |     2 |     1 ||     5
Dodge: Dodged            |    16 |     4 |    16 ||    36

Table legend: (Time is in decaauts)
 A = Elapsed time spent in this place.
 B = Non-inter-level travel time spent in this place.
 C = Inter-level travel time spent in this place.
 D = Time resting spent in this place.
 E = Time spent auto-exploring this place.
 F = Levels seen in this place.
 G = Mean time per level.
                   A        B        C        D        E       F      G
               +--------+--------+--------+--------+--------+-----+--------+
         Total |    656 |    656 |      0 |    263 |    110 |   1 |  656.0 |
       Dungeon |    656 |    656 |      0 |    263 |    110 |   1 |  656.0 |
               +--------+--------+--------+--------+--------+-----+--------+

Top non-repeatable levels by time:
       D: 656 daAuts
